 Dungeon Crawl Stone Soup version 0.24.0-37-gcf1ca852f1 (webtiles) character file.

Game seed: 3763362323090058543, levelgen mode: deterministic

3486 Belius the Carver (level 10, -2/77 HPs)
             Began as a Formicid Abyssal Knight on Dec 5, 2019.
             Was an Elder of Lugonu.
             Slain by a sky beast (6 damage)
             ... on level 9 of the Dungeon.
             The game lasted 00:25:19 (10631 turns).

Belius the Carver (Formicid Abyssal Knight)        Turns: 10631, Time: 00:25:21

Health: -2/77      AC: 15    Str: 26    XL:     10   Next: 27%
Magic:  11/11      EV:  5    Int: 11    God:    Lugonu [****..]
Gold:   611        SH:  8    Dex: 10    Spells: 9/9 levels left

rFire    . . .     SeeInvis +   a - +1 falchion
rCold    . . .     Gourm    .   I - +0 shield
rNeg     . . .     Faith    .   x - +0 plate armour
rPois    +         Spirit   .   (helmet unavailable)
rElec    .         Reflect  .   (no cloak)
rCorr    +         Harm     .   y - +0 pair of gloves
MR       +....                  (no boots)
Stlth    ..........             (no amulet)
HPRegen  0.22/turn              k - ring of resist corrosion
MPRegen  0.12/turn              s - ring of poison resistance

@: mighty
A: permanent stasis, dig shafts and tunnels, four strong arms, antennae 3, low
mp 1, wild magic 1
a: Dig, Shaft Self, Depart the Abyss, Bend Space, Banish, Corrupt, Renounce
Religion


You were on level 9 of the Dungeon.
You worshipped Lugonu.
Lugonu was greatly pleased with you.
You were not hungry.

You visited 1 branch of the dungeon, and saw 9 of its levels.
You visited the Abyss 1 time.
You also visited: Ossuary.

You collected 611 gold pieces.

Inventory:

Hand Weapons
 a - a +1 falchion (weapon)
 d - a +0 vampiric dagger
Armour
 b - a +0 leather armour
 e - a +0 chain mail
 x - a +0 plate armour (worn)
 y - a +0 pair of gloves (worn)
 I - a +0 shield (worn)
Jewellery
 k - a ring of resist corrosion (left hand)
 s - a ring of poison resistance (right hand)
 u - an uncursed ring of fire {unknown}
Wands
 t - a wand of random effects (24)
 z - a wand of flame (8)
 G - a wand of paralysis (5)
Scrolls
 f - 5 scrolls of amnesia
 i - a scroll of fear {unknown}
 j - 4 scrolls of remove curse
 l - a scroll of enchant armour {unknown}
 n - a scroll of holy word {unknown}
 A - 2 scrolls of enchant weapon
 C - a scroll of silence {unknown}
 F - a scroll of acquirement {unknown}
Potions
 g - a potion of magic {unknown}
 m - a potion of mutation
 o - a potion of ambrosia {unknown}
 p - a potion of experience {unknown}
 r - 2 potions of flight
 v - a potion of cancellation {unknown}
 w - 2 potions of heal wounds {unknown}
 D - 2 potions of brilliance
 H - a potion of lignification {unknown}
Comestibles
 c - 8 rations


   Skills:
 + Level 6.9 Fighting
 + Level 9.1 Long Blades
 + Level 8.9 Armour
 - Level 1.3 Dodging
 * Level 4.8 Stealth
 + Level 0.2 Shields
 + Level 3.1 Invocations
 + Level 2.2 Evocations


You had 9 spell levels left.
You didn't know any spells.
Your spell library contained the following spells:

 Spells                   Type           Power        Failure   Level  Hunger
 Animate Skeleton         Necr           N/A          100%        1    ##.....
 Apportation              Tloc           #.....       100%        1    ##.....
 Pain                     Necr           #...         100%        1    ##.....
 Summon Butterflies       Summ           #.......     100%        1    ##.....
 Lesser Beckoning         Tloc           #.........   100%        3    ####...
 Regeneration             Chrm/Necr      #.........   100%        3    ####...
 Tukima's Dance           Hex            #.......     100%        3    ####...
 Vampiric Draining        Necr           #.........   100%        3    ####...
 Animate Dead             Necr           N/A          100%        4    #####..
 Alistair's Intoxication  Tmut/Pois      #.......     100%        5    ######.
 Invisibility             Hex            #.......     100%        6    #######


Dungeon Overview and Level Annotations

Branches:
Dungeon (9/15)             Temple (0/1) D:7         Ossuary (visited)
   Lair: D:8-11         Orc: D:9-12

Altars:
Dithmenos
Kikubaaqudgha
Qazlal
Ru
Sif Muna
Trog
Uskayaw
Wu Jian
Xom
The Shining One

Shops:
D:8 [


Innate Abilities, Weirdness & Mutations

You cannot be hasted, slowed, berserked, paralysed or teleported.
You can dig through walls and to a lower floor.
Your four strong arms can wield two-handed weapons with a shield.
You have a pair of large antennae on your head. (SInv)
Your magical capacity is low. (-10% MP)
Your spells are a little harder to cast, but a little more powerful.


Message History

The sky beast is heavily wounded.
The sky beast hits you.
* * * LOW HITPOINT WARNING * * *
The sky beast shocks you.
* * * LOW HITPOINT WARNING * * *
Your shield and plate armour prevent you from hitting the sky beast.
The sky beast is heavily wounded.
The sky beast hits you.
* * * LOW HITPOINT WARNING * * *
The sky beast shocks you.
* * * LOW HITPOINT WARNING * * *
You feel very mighty all of a sudden.
The sky beast hits you but does no damage.
You closely miss the sky beast.
The sky beast is heavily wounded.
The sky beast flickers out of sight for a moment.
The sky beast hits you.
* * * LOW HITPOINT WARNING * * *
The sky beast shocks you.
You die...

{
#################
................(
.......@Y<.......
###..#######..###
#. # #


You could see a sky beast (invisible).

Vanquished Creatures
  Pikel (D:7)
  A hippogriff (D:7)
  Sigmund (D:3)
  A hungry ghost (D:7)
  A water moccasin (D:7)
  2 orc warriors (D:6)
  2 sky beasts
  2 slaves (D:7)
  3 ogres
  2 centaurs
  4 bullfrogs
  An elf zombie (Ossuary)
  3 scorpions
  4 killer bees (D:8)
  2 howler monkeys (D:8)
  2 centaur zombies
  2 crimson imps
  A gnoll shaman (D:4)
  2 human zombies (Ossuary)
  An orc priest (D:4)
  A bullfrog skeleton (D:6)
  3 hounds
  6 orc wizards
  5 worker ants
  A big kobold zombie (Ossuary)
  2 mummies (Ossuary)
  7 adders
  8 gnolls
  An ooze (D:4)
  2 adder zombies
  2 adder skeletons
  A worm (D:2)
  5 leopard geckos
  23 orcs
  2 giant cockroaches
  4 gnoll zombies (Ossuary)
  3 goblins
  6 hobgoblins
  5 jackals
  3 quokkas
  A ball python (D:1)
  7 bats
  5 frilled lizards
  4 goblin zombies
  2 kobolds (D:2)
  4 kobold skeletons (D:4)
  A kobold zombie (D:4)
  An orc skeleton (D:4)
  2 orc zombies (Ossuary)
  5 rats
160 creatures vanquished.

Notes
Turn   | Place    | Note
-------+----------+-------------------------------------------
     0 | Abyss:1  | Belius the Formicid Abyssal Knight began the quest for the
                  | Orb.
     0 | Abyss:1  | Reached XP level 1. HP: 18/18 MP: 2/2
    52 | Abyss:1  | Noticed a fire bat
    63 | D:1      | Escaped the Abyss
   449 | D:1      | Reached * piety under Lugonu
   449 | D:1      | Reached XP level 2. HP: 24/24 MP: 3/3
   997 | D:2      | Found an ornate altar of the Wu Jian Council.
  1005 | D:2      | Reached XP level 3. HP: 18/30 MP: 4/4
  1009 | D:2      | Reached skill level 1 in Dodging
  1027 | D:2      | Reached XP level 4. HP: 14/37 MP: 5/5
  1542 | D:2      | Reached XP level 5. HP: 8/42 MP: 6/6
  1962 | D:3      | Reached skill level 3 in Long Blades
  2188 | D:3      | Found an ancient bone altar of Kikubaaqudgha.
  2249 | D:3      | Noticed a water elemental
  2259 | D:3      | Reached ** piety under Lugonu
  2264 | D:3      | Found a stormy altar of Qazlal.
  2267 | D:3      | Noticed a fire elemental
  2267 | D:3      | Noticed an air elemental
  2387 | D:3      | Noticed Sigmund
  2825 | D:4      | Reached XP level 6. HP: 49/49 MP: 7/7
  2877 | D:4      | Found a shadowy altar of Dithmenos.
  2993 | D:4      | Found a glowing golden altar of the Shining One.
  3055 | D:4      | Reached skill level 4 in Long Blades
  3130 | D:4      | Reached XP level 7. HP: 43/55 MP: 8/8
  3256 | D:4      | Found a sand-covered staircase.
  3265 | Ossuary  | Entered an ossuary
  3505 | Ossuary  | Reached skill level 5 in Long Blades
  3505 | Ossuary  | Reached skill level 5 in Armour
  3602 | Ossuary  | Reached skill level 1 in Stealth
  3806 | Ossuary  | Reached skill level 5 in Fighting
  4027 | D:4      | Reached *** piety under Lugonu
  4254 | D:4      | Reached XP level 8. HP: 18/62 MP: 9/9
  4538 | D:4      | Found a sacrificial altar of Ru.
  4656 | D:5      | Entered Level 5 of the Dungeon
  4677 | D:5      | You fall into a shaft and drop 2 floors!
  4717 | D:7      | Noticed a hippogriff
  4726 | D:7      | Killed a hippogriff
  4726 | D:7      | Reached skill level 6 in Long Blades
  4918 | D:7      | Noticed Pikel
  5307 | D:7      | Found a staircase to the Ecumenical Temple.
  5387 | D:7      | Found a bloodstained altar of Trog.
  5648 | D:6      | Found a hide-covered altar of Uskayaw.
  5648 | D:6      | Noticed a +0 dagger
  5648 | D:6      | Noticed a +0 dagger
  6111 | D:6      | Reached XP level 9. HP: 69/69 MP: 10/10
  6329 | D:6      | Reached skill level 7 in Long Blades
  7092 | D:6      | Found a shimmering blue altar of Sif Muna.
  7202 | D:5      | Found a shimmering altar of Xom.
  7326 | D:5      | Gained mutation: Your movements are slightly less
                  | encumbered by armour. (ER -2) [potion of mutation]
  7326 | D:5      | Gained mutation: You have large cloven feet. [potion of
                  | mutation]
  7327 | D:5      | Lost mutation: Your movements are slightly less encumbered
                  | by armour. (ER -2) [potion of mutation]
  7327 | D:5      | Lost mutation: You have large cloven feet. [potion of
                  | mutation]
  7327 | D:5      | Gained mutation: Your magical capacity is low. (-10% MP)
                  | [potion of mutation]
  7327 | D:5      | Gained mutation: Your spells are a little harder to cast,
                  | but a little more powerful. [potion of mutation]
  7352 | D:5      | Reached **** piety under Lugonu
  7412 | D:5      | Identified the +10 quarterstaff of Rulaps {antimagic, *Slow
                  | rPois rC++ SInv}
  7698 | D:5      | Reached skill level 1 in Evocations
  8129 | D:3      | Killed Sigmund
  8129 | D:3      | Reached skill level 8 in Long Blades
  8266 | D:7      | Killed Pikel
  8266 | D:7      | Reached XP level 10. HP: 66/77 MP: 11/11
  8892 | D:8      | Found Sex Ped's Armour Shoppe.
  8969 | D:8      | Reached skill level 9 in Long Blades
 10579 | D:8      | HP: 3/77 [vampire (5)]
 10631 | D:9      | Slain by a sky beast

Levels and vault maps discovered:
D:1:      saegor_arrival_under_anarchy, layout_basic
D:2:      layout_rooms, nicolae_overflow_hidden_temple
D:3:      layout_basic, kiku_gazebo_garden_becter,
          nicolae_qazlal_style_of_elements, uniq_sigmund,
          uniq_crazy_yiuf_cottage
D:4:      layout_rooms, nicolae_dithmenos_through_a_glass_darkly,
          kennysheep_mini_moat, first_ration, nicolae_ossuary_entry_monument,
          nicolae_tso_besieged_by_evil
D:5:      layout_rooms, xom_butterflies
D:6:      kennysheep_orc_sif_temple, layout_basic, dancing_weapons_uskayaw,
          grunt_decor_arrowhead
D:7:      layout_loops_cross, lemuel_coloured_pillars_altar,
          minmay_temple_entry_glassed_door, uniq_pikel
D:8:      layout_basic, serial_shops, nicolae_shop_trees, serial_bayou,
          serial_bayou_pond_b, serial_bayou_lake_a, serial_bayou_lagoon_a,
          serial_bayou_pond_d, the_bakery
D:9:      layout_small_grid, good_gods_temple_1, fiery_altar_vehumet,
          marbit_many_paths, lemuel_zombie_altar_yredelemnul,
          minmay_lair_entry_grove

Skill      XL: |  1  2  3  4  5  6  7  8  9 10 |
---------------+-------------------------------+-----
Dodging        | 1 |  1.3
Fighting       | 4 5 6 |  6.9
Armour         | 3 4 5 6 8 |  8.9
Long Blades    | 3 4 5 6 8 9 |  9.1
Stealth        | 1 4 |  4.8
Evocations     | 1 2 |  2.2
Invocations    | 3 |  3.1
Shields        | |  0.2

Action                   |  1- 3 |  4- 6 |  7- 9 | 10-12 || total
-------------------------+-------+-------+-------+-------++-------
Melee: Dagger            |    56 |       |       |       ||    56
       Falchion          |    37 |   194 |   502 |   165 ||   898
Invok: Depart the Abyss  |     1 |       |       |       ||     1
       Bend Space        |       |       |     5 |     2 ||     7
 Abil: Dig               |       |     1 |     6 |     7 ||    14
Evoke: Wand              |       |       |    16 |     9 ||    25
  Use: Scroll            |       |     2 |     5 |     2 ||     9
       Potion            |       |     2 |     2 |     5 ||     9
 Stab: Paralysed         |       |       |       |     3 ||     3
  Eat: Chunk             |       |     1 |     8 |     3 ||    12
       Ration            |       |     2 |     4 |     2 ||     8
Armor: Chain mail        |    70 |   133 |   180 |       ||   383
       Plate armour      |       |       |    69 |    95 ||   164
Dodge: Dodged            |    51 |    71 |   145 |    47 ||   314
Block: Shield            |       |       |       |    23 ||    23
       Rpst.: Falchion   |     6 |    22 |    37 |    17 ||    82
